 Dungeon Crawl Stone Soup version 0.31-a0-851-g7ff8af7976 (webtiles) character file.

Game seed: 8187805195819285819

698 Armakuni the Carver (level 7, -1/50 HPs)
             Began as a Human Wanderer on Oct 7, 2023.
             Was an Initiate of Elyvilon.
             Slain by a troll (9 damage)
             ... on level 5 of the Dungeon.
             The game lasted 00:11:18 (4324 turns).

Armakuni the Carver (Human Wanderer)                Turns: 4324, Time: 00:11:21

Health: -1/50      AC:  5    Str: 10    XL:     7   Next: 97%
Magic:  7/7        EV: 11    Int: 12    God:    Elyvilon [......]
Gold:   130        SH:  0    Dex: 17    Spells: 6/6 levels left

rFire   . . .        a - +1 long sword (elec)
rCold   . . .        (no shield)
rNeg    . . .        g - +0 leather armour
rPois   .            o - +0 helmet
rElec   .            h - +0 cloak
rCorr   .            (no gloves)
SInv    .            (no boots)
Will    .....        A - amulet of the acrobat
Stlth   +++          L - ring of flight
HPRegen 0.28/turn    (no ring)
MPRegen 0.10/turn

%: acrobat
@: mighty, flying
A: no striking features
a: Renounce Religion


You were on level 5 of the Dungeon.
You worshipped Elyvilon.
Elyvilon was noncommittal.
You visited 2 branches of the dungeon, and saw 7 of its levels.

You collected 247 gold pieces.
You spent 117 gold pieces at shops.

Inventory:

Hand Weapons
 a - a +1 long sword of electrocution (weapon)
Armour
 g - a +0 leather armour (worn)
 h - a +0 cloak (worn)
 m - the +2 scale mail "Konnyof" {rN++ Str-5 Dex+3}
   (You found it on level 3 of the Dungeon)

   Str-5:     It affects your strength (-5).
   Dex+3:     It affects your dexterity (+3).
   rN++:      It greatly protects you from negative energy.
 o - a +0 helmet (worn)
Jewellery
 c - a +6 ring of intelligence
 A - an amulet of the acrobat (around neck)
 L - a ring of flight (left hand)
Wands
 v - a wand of flame (5)
Scrolls
 f - 2 scrolls of vulnerability
 k - a scroll of identify
 l - a scroll of poison
 p - 3 scrolls of teleportation
 q - a scroll of silence
Potions
 d - 2 potions of brilliance
 e - a potion of enlightenment
 j - a potion of magic


   Skills:
 - Level 2.0 Fighting
 - Level 0.4(5.0) Short Blades
 + Level 8.0 Long Blades
 - Level 1.0 Ranged Weapons
 - Level 1.0 Dodging
 - Level 5.0 Stealth
 - Level 1.0 Evocations


You had 6 spell levels left.
You didn't know any spells.
Your spell library contained the following spells:

 Spells                   Type           Power      Damage    Failure   Level
 Slow                     Hex            0%         N/A       41%         1
 Confusing Touch          Hex            0%         N/A       80%         3
 Sigil of Binding         Hex            0%         N/A       80%         3
 Vampiric Draining        Necr           0%         2d6       80%         3


Dungeon Overview and Level Annotations

Branches:
Dungeon (6/15)             Temple (1/1) D:4

Altars:
Ashenzari
Cheibriados
Dithmenos
Elyvilon
Fedhas
Hepliaklqana
Kikubaaqudgha
Makhleb
Nemelex Xobeh
Okawaru
Qazlal
Ru
Sif Muna
Trog
Uskayaw
Wu Jian
Xom

Shops:
D:4 *   D:6 (


Message History

You throw a poisoned dart.
The poisoned dart completely misses the adder.
The poisoned dart closely misses the troll.
Throw: dart (poison)
Press: ? - help, Q - select action, (/) - cycle Shift-Dir - straight line, f/p - adder
Aim: an adder (poisoned, 38% to hit)
You throw a poisoned dart.
The poisoned dart barely misses the adder.
The poisoned dart barely misses the troll.
Aiming: Throw Flame
Press: ? - help, Shift-Dir - straight line, f/p - adder
Aim: an adder (poisoned, 48% to hit)
The puff of flame hits the adder.
The adder is heavily wounded.
Aiming: Throw Flame
Press: ? - help, Shift-Dir - straight line, f/p - adder
Aim: an adder (severely wounded, poisoned, 48% to hit)
The puff of flame hits the adder.
You kill the adder!
Aiming: Throw Flame
Press: ? - help, Shift-Dir - straight line, f - troll
Aim: a troll (68% to hit)
The puff of flame hits the troll!
The troll is lightly wounded.
Okay, then.
Okay, then.
It was a potion of might.
You feel very mighty all of a sudden.
You barely miss the troll.
The troll is lightly wounded.
The troll closely misses you. The troll claws you! x2
You slash the troll!
The troll is heavily wounded.
The troll bites you!
The troll claws you but does no damage. x2
You hit the troll.
The troll is heavily wounded.
The troll barely misses you. The troll claws you!
* * * LOW HITPOINT WARNING * * *
The troll claws you!
You die...

#.########.###.####
#...###.#####
#..........# #.#
######.......
).########## #.#
#.###### #.# #.# #.#
# #.# #.# #.# ..#
#.# ###.### ### #.#
#.....#
#.#########.#.#.#
#..@T..(.)(...#.####
###########.###....T
#.[ยง..###. #######
##


You could see a troll.

Vanquished Creatures
  An ice beast (D:5)
  A black bear (D:4)
  A centaur (D:6)
  A kobold brigand (D:5)
  4 hounds
  A sleepcap (D:4)
  An iguana (D:5)
  An orc wizard (D:4)
  Robin (D:4)
  7 adders
  2 white imps
  2 ufetubi
  A worm (D:3)
  3 dart slugs
  3 orcs
  4 bats
  3 endoplasms
  3 giant cockroaches
  11 goblins
  4 hobgoblins
  4 jackals (D:1)
  8 kobolds
  4 quokkas
  3 ball pythons
  5 frilled lizards
  4 rats
83 creatures vanquished.

Notes
Turn   | Place    | Note
-------+----------+-------------------------------------------
     0 | D:1      | Armakuni the Human Wanderer began the quest for the Orb.
     0 | D:1      | Armakuni set off with the following items: a +0 dagger, an
                  | atropa-tipped dart, a datura-tipped dart, a +0 sling, a
                  | scroll of silence, a scroll of vulnerability, a +0 leather
                  | armour.
     0 | D:1      | Reached XP level 1. HP: 16/16 MP: 1/1
   117 | D:1      | Reached skill level 1 in Long Blades
   119 | D:1      | Reached XP level 2. HP: 22/22 MP: 2/2
   338 | D:1      | Reached skill level 2 in Long Blades
   411 | D:1      | Reached XP level 3. HP: 14/27 MP: 3/3
   923 | D:2      | Found a faded altar of an unknown god.
   966 | D:2      | Reached skill level 3 in Long Blades
  1373 | D:3      | Identified the +5 hand axe "Ultimatum" {drain, Fly Will+
                  | Str+3 Int+2}
  1380 | D:3      | Reached XP level 4. HP: 33/33 MP: 4/4
  1931 | D:3      | Identified the +2 scale mail "Konnyof" {rN++ Str-5 Dex+3}
  2004 | D:4      | Found a bloodstained altar of Trog.
  2021 | D:4      | Found a shimmering blue altar of Sif Muna.
  2072 | D:4      | Found Odghagups's General Store.
  2167 | D:4      | Reached skill level 4 in Long Blades
  2178 | D:4      | Noticed Robin
  2187 | D:4      | Reached XP level 5. HP: 37/38 MP: 5/5
  2190 | D:4      | Killed Robin
  2210 | D:4      | Found a staircase to the Ecumenical Temple.
  2244 | Temple   | Entered the Ecumenical Temple
  2270 | D:4      | Noticed a black bear
  2279 | D:4      | Killed a black bear
  2280 | D:4      | Reached skill level 5 in Long Blades
  2280 | D:4      | Reached XP level 6. HP: 36/44 MP: 6/6
  2532 | D:4      | Found a sparkling altar of Nemelex Xobeh.
  2532 | D:4      | Found a faded altar of an unknown god.
  2542 | D:4      | Found a faded altar of an unknown god.
  2544 | D:4      | Found a shadowy altar of Dithmenos.
  2545 | D:4      | Found a hazy altar of Hepliaklqana.
  3003 | D:5      | Entered Level 5 of the Dungeon
  3043 | D:4      | Reached skill level 6 in Long Blades
  3053 | D:5      | Noticed a troll
  3259 | D:5      | Noticed an ice beast
  3261 | D:5      | Noticed a water moccasin
  3276 | D:5      | Killed an ice beast
  3277 | D:5      | Reached XP level 7. HP: 42/50 MP: 7/7
  3283 | D:5      | Reached skill level 7 in Long Blades
  4018 | D:6      | Found Laqewk's Weapon Shoppe.
  4026 | D:6      | Bought a +0 long sword of electrocution for 117 gold pieces
  4115 | Temple   | Became a worshipper of Elyvilon the Healer
  4209 | D:5      | Reached skill level 8 in Long Blades
  4233 | D:5      | Found a stormy altar of Qazlal.
  4324 | D:5      | Slain by a troll

Illustrated notes

Levels and vault maps discovered:
D:1:      scummos_arrival_forest, layout_basic
D:2:      layout_basic, serial_aquarium, aquarium_bridge_straight
          [aquarium_subvault_bridge, aquarium_subvault_window,
          aquarium_subvault_bridge, aquarium_subvault_wall],
          aquarium_bridge_square [aquarium_subvault_balcony,
          aquarium_subvault_bridge, aquarium_subvault_balcony,
          aquarium_subvault_bridge], aquarium_window_2, aquarium_window_2,
          aquarium_window_1, aquarium_view_2g, aquarium_view_2f,
          aquarium_balcony_double_4, basic_ecumenical_altar,
          minmay_misc_feat_nine_boxes
D:3:      layout_basic, st_stairs_9
D:4:      layout_basic, chequers_temple_overflow_minitemple,
          overflow_temple_1_default, mainiacjoe_overflow_tiny_flanked,
          minmay_temple_entry_junction_2, serial_shops, shop,
          chequers_arboretum, uniq_robin
D:5:      layout_loops_ring, old_standard_altar
D:6:      layout_cave_pools, vehumet_crystals, serial_shops,
          nicolae_shop_temple_entry_statues_fountains
Temple:   hellmonk_temple_of_storms

Skill      XL: |  1  2  3  4  5  6  7 |
---------------+----------------------+-----
Long Blades    | 1 2 3 4 5 6 8 |  8.0
Fighting       | |  2.0
Short Blades   | |  0.4
Ranged Weapons | |  1.0
Dodging        | |  1.0
Stealth        | |  5.0
Evocations     | |  1.0

Action                     |  1- 3 |  4- 6 |  7- 9 || total
---------------------------+-------+-------+-------++-------
  Melee: Dagger            |   156 |       |       ||   156
         Punch             |     2 |     1 |     1 ||     4
         Hand axe          |     2 |    81 |    43 ||   126
         Long sword        |       |       |    20 ||    20
  Throw: Dart              |     3 |       |     7 ||    10
  Evoke: Wand              |       |       |     4 ||     4
    Use: Scroll            |     5 |     3 |     2 ||    10
         Potion            |       |     2 |     2 ||     4
   Stab: Sleeping          |    11 |    10 |     1 ||    22
         Invisible         |     1 |       |       ||     1
         Distracted        |       |       |     1 ||     1
 Armour: Leather armour    |    84 |    45 |    50 ||   179
  Dodge: Dodged            |    92 |    65 |    44 ||   201

Table legend: (Time is in decaauts)
 A = Elapsed time spent in this place.
 B = Non-inter-level travel time spent in this place.
 C = Inter-level travel time spent in this place.
 D = Time resting spent in this place.
 E = Time spent auto-exploring this place.
 F = Levels seen in this place.
 G = Mean time per level.
                   A        B        C        D        E       F      G
               +--------+--------+--------+--------+--------+-----+--------+
         Total |   4339 |   4081 |    258 |    589 |   2187 |   7 |  619.9 |
       Dungeon |   4296 |   4077 |    219 |    589 |   2187 |   6 |  716.0 |
        Temple |     43 |      4 |     39 |      0 |      0 |   1 |   43.0 |
               +--------+--------+--------+--------+--------+-----+--------+

Top non-repeatable levels by time:
     D:4: 1385 daAuts
     D:5: 771 daAuts
     D:1: 751 daAuts
     D:3: 714 daAuts
     D:2: 535 daAuts
     D:6: 138 daAuts
  Temple: 43 daAuts
